cohdb
Replays
Latest Replays
All Replays
Popular Replays
Top Player Replays
Match Explorer
How It Works
Community
CoH3 Stats
Reddit
Sign in to upload your games and track your stats! →
Sign in with Steam
Match 42801801
Unlisted
Match 42801801
Overview
Messages
Build Orders
End
Selects Australian Defense Battlegroup
Selects Australian Light Infantry Section
Australian Light Infantry Section
Construct Section Command Post
Dingo Light Scout Car
Infantry Section
Infantry Section
Selects 2-pounder Anti-tank Gun Team
2-pounder Anti-tank Gun Team
Construct Platoon Command Post
ML 3-inch Mortar Team
Construct Company Command Post
2-pounder Anti-tank Gun Team
Selects Vehicle Over Repair
Crusader II Medium Tank
Infantry Section
Construct Field Infirmary
GL1TCH
desertBeliever
0
0
Comments
sign in to comment!
No comments posted yet!